 Dungeon Crawl Stone Soup version 0.30-a0-1160-g6e42c06551 (webtiles) character file.

Game seed: 4393027805854993469

114 qeuew the Ducker (level 4, 0/34 HPs)
             Began as a Demonspawn Gladiator on Apr 25, 2023.
             Slain by an ufetubus (3 damage)
             ... summoned by a ynoxinul
             ... summoned by Xom
             ... on level 3 of the Dungeon.
             The game lasted 00:03:34 (2321 turns).

qeuew the Ducker (Demonspawn Gladiator)             Turns: 2321, Time: 00:03:36

Health: 0/34       AC:  6    Str: 15    XL:     4   Next: 67%
Magic:  4/4        EV: 13    Int:  9    God:
Gold:   84         SH:  0    Dex: 16    Spells: 3/3 levels left

rFire   . . .        a - +0 long sword
rCold   . . .        (no shield)
rNeg    . . .        b - +0 leather armour
rPois   .            c - +0 helmet
rElec   .            (no cloak)
rCorr   .            (no gloves)
SInv    .            (no boots)
Will    +....        (no amulet)
Stlth   +            j - ring of willpower
HPRegen 0.25/turn    (no ring)
MPRegen 0.09/turn

%: no passive effects
@: no status effects
A: molten scales 1
a: no special abilities


You were on level 3 of the Dungeon.
You visited 1 branch of the dungeon, and saw 3 of its levels.

You collected 84 gold pieces.

Inventory:

Hand Weapons
 a - a +0 long sword (weapon)
Missiles
 d - 3 throwing nets (quivered)
 e - 3 javelins
Armour
 b - a +0 leather armour (worn)
 c - a +0 helmet (worn)
Jewellery
 j - a ring of willpower (left hand)
Scrolls
 i - a scroll of butterflies {unknown}
Potions
 f - a potion of might
 g - a potion of curing
 h - a potion of lignification {unknown}
 k - a potion of berserk rage
 l - a potion of resistance {unknown}


   Skills:
 + Level 2.6 Fighting
 * Level 3.3 Long Blades
 * Level 2.7 Throwing
 + Level 0.7 Armour
 * Level 3.4 Dodging


You had 3 spell levels left.
You didn't know any spells.
Your spell library was empty.

Dungeon Overview and Level Annotations

Branches:
Dungeon (3/15)

Altars:
Xom

Annotations:
D:3 3 runed translucent doors, BlasphemerAmon's ghost, amateur GrFi


Innate Abilities, Weirdness & Mutations

You are partially covered in molten scales. (AC +2)


Message History

a +6 short sword; an orc corpse You hit the ball python.
You kill the ball python!
The rat closely misses you. The rat bites you but does no damage.
Unknown command.
You slash the rat!
You kill the rat!
You see here a rat corpse. "Fight to survive, mortal."
You see here a rat corpse.
There are monsters nearby!
There are monsters nearby!
There are monsters nearby!
You closely miss the ynoxinul.
Unknown command.
You hit the ynoxinul.
The ynoxinul is lightly wounded.
The ynoxinul gestures at you. The iron shot hits you!!
Ouch! That really hurt!
* * * LOW HITPOINT WARNING * * *
You barely miss the ynoxinul.
The ynoxinul is lightly wounded.
The ynoxinul hits you but does no damage.
The shadow imp hits you but does no damage.
You hit the ynoxinul.
The ynoxinul is moderately wounded.
The ynoxinul hits you but does no damage.
The shadow imp barely misses you.
You hit the ynoxinul.
The ynoxinul is moderately wounded.
The ynoxinul gestures.
The shadow imp closely misses you.
You slash the ynoxinul!
The ynoxinul is heavily wounded.
The ynoxinul gestures.
The shadow imp hits you but does no damage.
The ufetubus closely misses you. The ufetubus hits you.
You die... "Huh?
Did I miss anything?"

........# .# #.
.........####..##$...)
..........#.. ... ....
............# #.# #..####
............###.# #..#.#.
.......5........# #..#...
........55..#...###..+...
......53@...#........+Z..
.......†5....#..###..+Z..
........†....##......#Z..
.............##.###..#Z#.
....#...[....##.# ##.####
### ##.......##.# #.....
#.......##.# #...#.
#.......##.# #.....
#.......##.# #...##


You could see a ynoxinul (summoned), a shadow imp (summoned) and 4 ufetubi.

Vanquished Creatures
  3 adders
  2 dart slugs
  5 orcs (D:3)
  4 bats
  3 endoplasms
  2 giant cockroaches
  7 hobgoblins
  4 jackals (D:1)
  13 kobolds
  8 quokkas
  2 ball pythons (D:3)
  A frilled lizard (D:1)
  6 goblins
  13 rats
73 creatures vanquished.

Notes
Turn   | Place    | Note
-------+----------+-------------------------------------------
     0 | D:1      | qeuew the Demonspawn Gladiator began the quest for the Orb.
     0 | D:1      | Reached XP level 1. HP: 16/16 MP: 1/1
   118 | D:1      | Gained mutation: You are partially covered in molten
                  | scales. (AC +2) [demonic ancestry]
   118 | D:1      | Reached XP level 2. HP: 21/22 MP: 2/2
   280 | D:1      | Found a faded altar of an unknown god.
   295 | D:1      | Prayed at the altar of an unknown god.
   295 | D:1      | Became a worshipper of Xom the Fickle
   441 | D:1      | XOM: silly message
   537 | D:1      | Fell from the grace of Xom
   552 | D:1      | Reached XP level 3. HP: 23/27 MP: 3/3
   987 | D:2      | Reached XP level 4. HP: 11/34 MP: 4/4
  1110 | D:2      | XOM: god gift: +2 robe of the Archmagi
  2197 | D:3      | Found a runed translucent gate.
  2197 | D:3      | Found a runed translucent gate.
  2197 | D:3      | Found a runed translucent gate.
  2198 | D:3      | Noticed BlasphemerAmon's ghost (amateur GrFi)
  2315 | D:3      | XOM: summons 2 hostile demons
  2316 | D:3      | Noticed a ynoxinul
  2317 | D:3      | HP: 1/34 [ynoxinul/iron shot[Xom] (33)]
  2321 | D:3      | Slain by an ufetubus

Illustrated notes

Levels and vault maps discovered:
D:1:      saegor_arrival_simple_c, layout_basic,
          hellmonk_ecumenical_altar_zigzags
D:2:      minmay_recursive_quarters, layout_basic
D:3:      minmay_diamond_boxcup, layout_rooms,
          mainiacjoe_overflow_six_doors_small, gammafunk_ghost_necromancy

Skill      XL: |  1  2 |
---------------+-------+-----
Throwing       | 2 |  2.7
Dodging        | 3 |  3.4
Long Blades    | 3 |  3.3
Fighting       | |  2.6
Armour         | |  0.7

Action                     |  1- 3 |  4- 6 || total
---------------------------+-------+-------++-------
  Melee: Long sword        |   146 |   127 ||   273
         Punch             |     1 |     2 ||     3
 Invoke: Renounce Religion |     1 |       ||     1
    Use: Scroll            |     4 |     2 ||     6
         Potion            |       |     3 ||     3
   Stab: Sleeping          |     2 |     1 ||     3
 Armour: Leather armour    |    76 |    73 ||   149
  Dodge: Dodged            |   161 |   156 ||   317

Table legend: (Time is in decaauts)
 A = Elapsed time spent in this place.
 B = Non-inter-level travel time spent in this place.
 C = Inter-level travel time spent in this place.
 D = Time resting spent in this place.
 E = Time spent auto-exploring this place.
 F = Levels seen in this place.
 G = Mean time per level.
                   A        B        C        D        E       F      G
               +--------+--------+--------+--------+--------+-----+--------+
         Total |   2381 |   2323 |     58 |      0 |   1766 |   3 |  793.7 |
       Dungeon |   2381 |   2323 |     58 |      0 |   1766 |   3 |  793.7 |
               +--------+--------+--------+--------+--------+-----+--------+

Top non-repeatable levels by time:
     D:2: 1141 daAuts
     D:1: 842 daAuts
     D:3: 397 daAuts
